Map: Abyssal Reef LE

Players

Harstem - Winner!

  • Race: Protoss Protoss
  • Spawn Location: 11:00

TheoRy

  • Race: Protoss Protoss
  • Spawn Location: 5:00

Event: WCS Austin 2017

VOD

Have the link to the VOD?

Description

Time

  • Played on: April 28, 2017, 4:42 p.m.
  • Length: 8:29

All games in this series

Show
View Real Time Build Order
Export as new Build Order

Harstem Protoss - Winner!

Build Orders: Oracle Opening 

Get SALT Encoding   

  12  0:01  Probe (Chrono Boost)  
  13  0:11  Probe (Chrono Boost)  
  14  0:18  Pylon  
  14  0:22  Probe (Chrono Boost)  
  15  0:36  Probe (Chrono Boost), Gateway  
  16  0:47  Probe (Chrono Boost)  
  16  0:48  Assimilator  
  17  0:52  Assimilator  
  17  0:57  Probe (Chrono Boost)  
  18  1:05  Gateway  
  18  1:08  Probe (Chrono Boost)  
  19  1:18  Probe (Chrono Boost)  
  19  1:23  Cybernetics Core  
  20  1:29  Probe (Chrono Boost)  
  20  1:32  Pylon  
  21  1:39  Probe (Chrono Boost)  
  22  1:50  Probe (Chrono Boost)  
  23  1:57  Adept  
  23  1:59  Adept  
  27  2:01  Warp Gate  
  29  2:09  Pylon  
  29  2:20  Stargate  
  27  2:24  Adept  
  27  2:25  Adept  
  31  2:57  Nexus  
  31  3:00  Oracle  
  35  3:12  Probe (Chrono Boost)  
  35  3:22  Pylon  
  35  3:26  Mothership Core (Chrono Boost)  
  37  3:45  Probe (Chrono Boost)  
  37  3:47  Oracle  
  37  3:56  Probe (Chrono Boost)  
  34  4:07  Robotics Facility, Probe (Chrono Boost)  
  35  4:11  Probe (Chrono Boost)  
  36  4:19  Probe (Chrono Boost)  
  36  4:22  Probe (Chrono Boost)  
  38  4:26  Adept x2  
  38  4:30  Probe (Chrono Boost)  
  43  4:32  Probe (Chrono Boost)  
  44  4:40  Probe (Chrono Boost)  
  44  4:43  Probe (Chrono Boost)  
  46  4:47  Sentry, Stalker, Pylon  
  46  4:51  Probe (Chrono Boost)  
  51  4:56  Immortal  
  51  4:58  Probe (Chrono Boost)  
  52  5:03  Probe (Chrono Boost)  
  52  5:04  Assimilator  
  52  5:06  Assimilator  
  57  5:17  Probe (Chrono Boost)  
  57  5:21  Probe (Chrono Boost)  
  60  5:29  Probe (Chrono Boost)  
  60  5:31  Immortal, Probe (Chrono Boost)  
  60  5:33  Void Ray  
  60  5:34  Pylon  
  61  5:36  Pylon  
  61  5:41  Probe (Chrono Boost)  
  70  5:46  Pylon  
  70  5:53  Probe (Chrono Boost)  
  70  5:54  Adept  
  73  6:00  Probe (Chrono Boost)  
  75  6:05  Pylon  
  75  6:06  Probe (Chrono Boost)  
  75  6:07  Observer  
  76  6:14  Pylon  
  76  6:18  Void Ray  
  76  6:24  Immortal  
  80  6:28  Nexus  
  84  6:39  Pylon  
  84  6:44  Gateway  
  84  6:45  Gateway  
  84  6:56  Gateway  
  84  6:57  Gateway  
  84  6:58  Warp Prism  
  84  7:03  Gateway  
  86  7:13  Probe (Chrono Boost)  
  86  7:14  Probe (Chrono Boost)  
  88  7:16  Pylon  
  88  7:19  Adept x2  
  92  7:33  Probe x2 (Chrono Boost)  
  94  7:41  Adept x4  
  103  7:44  Probe (Chrono Boost)  
  103  7:49  Probe (Chrono Boost)  
  103  7:50  Probe (Chrono Boost)  
  105  7:51  Pylon  
  105  7:55  Probe (Chrono Boost)  
  106  8:01  Probe (Chrono Boost)  
  106  8:02  Adept x2  
  106  8:03  Sentry x3, Adept x2  
  121  8:08  Probe (Chrono Boost)  
  121  8:11  Probe (Chrono Boost)  
  123  8:24  Adept x4  
Show
View Real Time Build Order
Export as new Build Order

TheoRy Protoss 

Build Orders: Zealot Archon 

Get SALT Encoding   

  12  0:01  Probe (Chrono Boost)  
  13  0:11  Probe (Chrono Boost)  
  14  0:18  Pylon  
  14  0:27  Probe (Chrono Boost)  
  15  0:37  Probe (Chrono Boost), Gateway  
  16  0:43  Assimilator  
  16  0:48  Probe (Chrono Boost)  
  17  0:51  Assimilator  
  17  0:58  Probe (Chrono Boost)  
  18  1:06  Gateway  
  18  1:09  Probe (Chrono Boost)  
  19  1:16  Pylon  
  19  1:19  Probe (Chrono Boost)  
  20  1:28  Cybernetics Core  
  20  1:32  Probe (Chrono Boost)  
  21  1:42  Probe (Chrono Boost)  
  22  1:53  Probe (Chrono Boost), Warp Gate  
  23  2:03  Probe (Chrono Boost)  
  23  2:04  Stalker  
  23  2:05  Stalker  
  30  2:17  Mothership Core (Chrono Boost)  
  30  2:20  Pylon  
  31  2:37  Probe (Chrono Boost)  
  31  2:47  Nexus  
  30  2:59  Robotics Facility  
  30  3:02  Sentry  
  32  3:06  Sentry  
  32  3:11  Probe (Chrono Boost)  
  35  3:17  Pylon  
  35  3:23  Probe (Chrono Boost)  
  36  3:40  Probe (Chrono Boost)  
  33  3:47  Immortal  
  32  3:52  Probe (Chrono Boost)  
  36  3:56  Stalker  
  36  3:59  Probe (Chrono Boost)  
  37  4:04  Probe (Chrono Boost)  
  38  4:11  Probe (Chrono Boost)  
  38  4:14  Probe (Chrono Boost)  
  39  4:23  Probe (Chrono Boost)  
  40  4:25  Probe (Chrono Boost)  
  40  4:34  Probe (Chrono Boost)  
  40  4:36  Twilight Council  
  40  4:37  Probe (Chrono Boost)  
  41  4:44  Observer, Probe (Chrono Boost)  
  42  4:49  Probe (Chrono Boost)  
  44  4:55  Probe (Chrono Boost)  
  44  4:57  Stalker  
  47  5:00  Probe (Chrono Boost)  
  47  5:05  Probe (Chrono Boost)  
  49  5:11  Probe (Chrono Boost)  
  49  5:16  Probe (Chrono Boost)  
  47  5:22  Probe (Chrono Boost)  
  47  5:24  Templar Archives  
  47  5:27  Probe (Chrono Boost)  
  45  5:32  Probe (Chrono Boost)  
  46  5:37  Probe (Chrono Boost)  
  46  5:39  Gateway  
  48  5:43  Probe (Chrono Boost)  
  48  5:48  Probe (Chrono Boost)  
  49  5:53  Probe (Chrono Boost)  
  50  5:58  Probe (Chrono Boost)  
  50  6:04  Probe (Chrono Boost)  
  52  6:05  High Templar  
  52  6:06  High Templar  
  52  6:09  Probe (Chrono Boost)  
  54  6:14  Probe (Chrono Boost)  
  55  6:19  Nexus  
  55  6:20  Probe (Chrono Boost)  
  55  6:25  Probe (Chrono Boost)  
  57  6:31  Probe (Chrono Boost)  
  58  6:33  Assimilator  
  58  6:36  Assimilator  
  58  6:37  High Templar  
  58  6:38  Probe (Chrono Boost)  
  61  6:41  Probe (Chrono Boost)  
  61  6:42  Pylon  
  62  7:00  Probe x2 (Chrono Boost)  
  64  7:03  Forge  
  64  7:04  Gateway  
  64  7:07  Gateway  
  64  7:10  Pylon  
  64  7:11  Probe x2 (Chrono Boost)  
  66  7:16  High Templar  
  66  7:17  Archon  
  66  7:18  High Templar  
  70  7:26  Pylon  
  70  7:28  Probe x2 (Chrono Boost)  
  72  7:31  Probe (Chrono Boost)  
  73  7:39  Probe x2 (Chrono Boost)  
  73  7:40  Archon  
  73  7:41  Probe (Chrono Boost)  
  76  7:49  Probe x2 (Chrono Boost)  
  78  7:52  Probe (Chrono Boost)  
  78  7:57  High Templar  
  81  8:00  Probe x2 (Chrono Boost)  
  81  8:03  Probe (Chrono Boost)  
  84  8:08  Adept  
  84  8:10  Adept x3  
  92  8:15  Archon  
Tags
 
Add a new tag
Caveats
  • Supply blocks, unpowered buildings, or Contaminate may cause inaccurate times.
  • Supply counts are checked every 10 seconds.